 Dungeon Crawl Stone Soup version 0.21-a0-538-gd16b88a (webtiles) character file.

28 slep the Chopper (level 2, -2/23 HPs)
             Began as a Demonspawn Gladiator on Dec 17, 2017.
             Slain by an adder (3 damage)
             ... on level 2 of the Dungeon.
             The game lasted 00:01:57 (490 turns).

slep the Chopper (Demonspawn Gladiator)              Turns: 490, Time: 00:01:57

Health: -2/23      AC:  5    Str: 14    XL:     2   Next: 96%
Magic:  2/2        EV: 13    Int:  9    God:
Gold:   42         SH:  0    Dex: 14    Spells: 1/1 levels left

rFire    . . .     SeeInvis .   a - +0 war axe
rCold    . . .     Gourm    .   (no shield)
rNeg     . . .     Faith    .   b - +0 leather armour
rPois    .         Spirit   .   c - +0 helmet
rElec    .         Reflect  .   (no cloak)
rCorr    .         Harm     .   (no gloves)
MR       .....                  (no boots)
Stlth    +.........             (no amulet)
HPRegen  0.07/turn              (no ring)
MPRegen  0.08/turn              (no ring)

@: no status effects
A: rugged brown scales 1
a: no special abilities


You were on level 2 of the Dungeon.
You were not hungry.

You visited 1 branch of the dungeon, and saw 2 of its levels.

You collected 42 gold pieces.

Inventory:

Hand Weapons
 a - a +0 war axe (weapon)
Missiles
 d - 3 throwing nets (quivered)
Armour
 b - a +0 leather armour (worn)
 c - a +0 helmet (worn)
Scrolls
 e - 2 scrolls of identify {unknown}
 g - a scroll of enchant weapon {unknown}
 j - a scroll of remove curse {unknown}
 k - a scroll of amnesia {unknown}
 n - 2 scrolls of teleportation {unknown}
Potions
 h - a potion of agility {unknown}
 m - a potion of haste {unknown}
Comestibles
 f - a bread ration
 i - 2 royal jellies
 l - 2 fruits


   Skills:
 + Level 2.4 Fighting
 + Level 3.0 Axes
 + Level 1.9 Throwing
 + Level 0.1 Armour
 + Level 3.0 Dodging
 + Level 0.6 Stealth


You had one spell level left.
You didn't know any spells.

Dungeon Overview and Level Annotations

Branches:
Dungeon (2/15)

Altars:


Innate Abilities, Weirdness & Mutations

You are partially covered in rugged brown scales. (AC +1, +3% HP)


Message History

* * * LOW HITPOINT WARNING * * *
The adder closely misses you.
You miss the adder.
The adder is severely wounded.
The adder closely misses you. The adder bites you but does no damage.
You miss the adder.
The adder is severely wounded.
The adder completely misses you.
You completely miss the adder.
The adder is severely wounded.
The adder closely misses you. The adder barely misses you.
You closely miss the adder.
The adder is severely wounded.
The adder bites you.
* * * LOW HITPOINT WARNING * * *
The adder misses you.
You miss the adder.
The adder is severely wounded.
The adder misses you. The adder bites you.
You die...

####### #.....#
#.(.<.#
#####....!##
#..........##
#.##.........
###....(......#
#..........[...
###......@S.....)
#................
#.##.#..#.#.....#
#..........#.%...)
#####.##.#####....
#.....# ..##
#...<.# .#
#.....#### #
######


You could see an adder.

Vanquished Creatures
  A worm (D:2)
  5 bats
  2 giant cockroaches (D:1)
  4 goblins (D:1)
  2 hobgoblins (D:1)
  4 jackals (D:1)
  A kobold (D:1)
  2 rats (D:1)
21 creatures vanquished.

Notes
Turn   | Place    | Note
-------+----------+-------------------------------------------
     0 | D:1      | slep the Demonspawn Gladiator began the quest for the Orb.
     0 | D:1      | Reached XP level 1. HP: 16/16 MP: 1/1
    36 | D:1      | Gained mutation: You are partially covered in rugged brown scales. (AC +1, +3% HP) [demonic ancestry]
    36 | D:1      | Reached XP level 2. HP: 12/22 MP: 2/2
   489 | D:2      | HP: 1/23 [adder (2)]
   490 | D:2      | Slain by an adder

Vault maps used:
D:1:      giann_bridges
D:2:      first_bread, corexii_hall_statues_l, trog_hazing_becter

Skill      XL: |  1  2 |
---------------+-------+-----
Axes           | 3 |  3.0
Dodging        | 3 |  3.0
Fighting       | |  2.4
Throwing       | |  1.9
Armour         | |  0.1
Stealth        | |  0.6

Action                   || total
-------------------------++-------
Melee: War axe           ||    63
 Stab: Sleeping          ||     1
Armor: Leather armour    ||    28
Dodge: Dodged            ||    57

Table legend:
 A = Spawn XP
 B = Non-spawn XP
 C = Spawn XP percentage of total XP
 D = Spawn monster count
 E = Non-spawn monster count
 F = Spawn count percentage of total count
 G = Total turns spent on level
                    A         B        C        D         E        F      G
               +---------+---------+-------+---------+---------+-------+---------
         Total |       0 |      40 |   0.0 |       0 |      21 |   0.0 |   490
               +---------+---------+-------+---------+---------+-------+---------
           D:1 |       0 |      34 |   0.0 |       0 |      19 |   0.0 |   453
           D:2 |       0 |       6 |   0.0 |       0 |       2 |   0.0 |    37
               +---------+---------+-------+---------+---------+-------+---------
